 Dungeon Crawl Stone Soup version 0.30-a0-719-gcc4359ea44 (webtiles) character file.

Game seed: 3745265214903757089

23686 browni3141 the Spear-Bearer (level 12, -21/84 HPs)
             Began as a Mummy Cinder Acolyte on Jan 26, 2023.
             Was an Initiate of Ignis.
             Demolished by a pharaoh ant (27 damage)
             ... on level 3 of the Lair of Beasts.
             The game lasted 00:58:24 (17725 turns).

browni3141 the Spear-Bearer (Mummy Cinder Acolyte) Turns: 17725, Time: 00:58:24

Health: -21/84     AC: 18    Str: 18    XL:     12   Next: 74%
Magic:  14/14      EV:  5    Int: 14    God:    Ignis [......]
Gold:   740        SH: 16    Dex: 16    Spells: 13/13 levels left

rFire   + . .      SeeInvis .    A - +1 trident (heavy)
rCold   + + .      Faith    +    k - +0 kite shield
rNeg    + + +      Spirit   .    Q - +5 chain mail of the Beloved God {rC+ Str-4 Dex+3}
rPois   ∞          Reflect  +    s - +0 helmet
rElec   .          Harm     .    p - +2 cloak {Will+}
rCorr   .          Rampage  .    (no gloves)
Will    ++...                    (no boots) Stlth
                                 O - amulet of reflection
HPRegen 0.34/turn                N - ring of protection from fire
MPRegen 0.14/turn                P - +6 ring of dexterity

@: about to teleport, studying Ice Magic
A: cold resistance 1, negative energy resistance 3, torment resistance 2, heat
vulnerability 1, in touch with death 1, no potions, faith
a: Renounce Religion, Rising Flame


You were on level 3 of the Lair of Beasts.
You worshipped Ignis.
Ignis was noncommittal.
You visited 2 branches of the dungeon, and saw 14 of its levels.
You also visited: Sewer and Ice Cave.

You collected 740 gold pieces.

Inventory:

Hand Weapons
 a - a +4 halberd
 b - a +2 arbalest of flaming
 v - a -1 spear of flaming
 x - the +8 frozen axe "Frostbite" {freeze, freezing cloud, *Noise Fly rC+}
   (You found it in an ice cave)

   rC:        It protects you from cold.
   Fly:       It grants you flight.
   *Noise:    It may make noises in combat.
 A - a +1 heavy trident (weapon)
Missiles
 B - 3 javelins (quivered)
 C - 6 boomerangs
 H - 8 curare-tipped darts
Armour
 e - a +0 plate armour
 f - a +0 ring mail
 g - a +0 scale mail
 k - a +0 kite shield (worn)
 m - a +0 chain mail
 o - a +0 cloak of cold resistance
 p - a +2 cloak of willpower (worn)
 s - a +0 helmet (worn)
 u - a +2 plate armour of cold resistance
 z - a +0 robe
 Q - the +5 chain mail of the Beloved God (worn) {rC+ Str-4 Dex+3}
   (You found it on level 1 of the Lair of Beasts)

   Str:       It affects your strength (-4).
   Dex:       It affects your dexterity (+3).
   rC:        It protects you from cold.
Jewellery
 i - a ring of fire
 j - a ring of flight
 n - an amulet of magic regeneration
 E - a ring of wizardry
 F - a ring of wizardry
 J - the amulet "Oshrerha" {RegenMP rF+ Stlth+}
   (You found it on level 10 of the Dungeon)

   [amulet of magic regeneration]

   It increases your rate of magic regeneration.
   rF:        It protects you from fire.
   Stlth:     It makes you more stealthy.
 L - a ring of wizardry
 N - a ring of protection from fire (left hand)
 O - an amulet of reflection (around neck)
 P - a +6 ring of dexterity (right hand)
Wands
 l - a wand of polymorph (12)
 t - a wand of flame (17)
Scrolls
 c - 5 scrolls of teleportation
 d - a scroll of poison
 h - 2 scrolls of immolation
 q - a scroll of enchant armour
 r - a scroll of silence
 w - 2 scrolls of fog
 y - 6 scrolls of amnesia
 D - a scroll of brand weapon
 G - a scroll of noise
 I - 2 scrolls of magic mapping
 K - 2 scrolls of identify
 M - 2 scrolls of vulnerability
 R - a scroll of acquirement


   Skills:
 - Level 4.7 Fighting
 - Level 14.0 Polearms
 - Level 4.0 Throwing
 - Level 3.0 Armour
 * Level 9.5 Shields
 - Level 1.3 Spellcasting
 - Level 2.4 Fire Magic
 - Level 4.0 Evocations


You had 13 spell levels left.
You didn't know any spells.
Your spell library contained the following spells:

 Spells                   Type           Power      Damage    Failure   Level
 Scorch                   Fire           14%        2d5       99%         2
 Apportation              Tloc           0%         N/A       100%        1
 Kiss of Death            Conj/Necr      4%         2d5       100%        1
 Magic Dart               Conj           0%         1d3       100%        1
 Sting                    Tmut/Pois      0%         1d3       100%        1
 Call Imp                 Summ           0%         N/A       100%        2
 Ensorcelled Hibernation  Hex/Ice        0%         N/A       100%        2
 Passwall                 Tmut/Erth      0%         N/A       100%        2
 Poisonous Vapours        Pois/Air       0%         N/A       100%        2
 Static Discharge         Conj/Air       0%         2-2/arc   100%        2
 Confusing Touch          Hex            0%         N/A       100%        3
 Inner Flame              Hex/Fire       4%         N/A       100%        3
 Mephitic Cloud           Conj/Pois/Air  0%         N/A       100%        3
 Portal Projectile        Hex/Tloc       0%         N/A       100%        3
 Swiftness                Air            0%         N/A       100%        3
 Tukima's Dance           Hex            0%         N/A       100%        3
 Vhi's Electric Charge    Tloc/Air       0%         N/A       100%        3
 Cause Fear               Hex            0%         N/A       100%        4
 Dispel Undead            Necr           1%         3d6       100%        4
 Iskenderun's Mystic Bla  Conj/Tloc      0%         2d3       100%        4
 Olgreb's Toxic Radiance  Pois           0%         N/A       100%        4
 Petrify                  Tmut/Erth      0%         N/A       100%        4
 Arcjolt                  Conj/Air       0%         1d10      100%        5
 Irradiate                Conj/Tmut      0%         3d11      100%        5
 Lightning Bolt           Conj/Air       0%         1d11      100%        5
 Summon Forest            Summ/Tloc      0%         N/A       100%        5
 Malign Gateway           Summ/Tloc      0%         N/A       100%        7
 Discord                  Hex            0%         N/A       100%        8
 Summon Horrible Things   Summ           0%         N/A       100%        8
 Sublimation of Blood     Necr           Unusable   N/A       N/A         2
 Blade Hands              Tmut           Unusable   N/A       N/A         5

Dungeon Overview and Level Annotations

Branches:
Dungeon (11/15)            Temple (0/1) D:6            Lair (3/5) D:8
  Swamp (0/4) Lair:2       Spider (0/4) Lair:3          Orc (0/2) D:9
  Sewer (visited)           IceCv (visited)

Altars:
Cheibriados
Qazlal
Vehumet

Shops:
D:5 (

Annotations:
D:9 3 runed translucent doors, KennySheep's ghost, journeyman FoFi


Innate Abilities, Weirdness & Mutations

You are immune to poison.
Your flesh is cold resistant. (rC+)
You are immune to negative energy. (rN+++)
You are immune to unholy pain and torment.
You are vulnerable to heat. (rF-)
You are in touch with the powers of death.
You do not drink.
You have a special connection with the divine. (Faith)


Message History

You kill the redback!
A tarantella and a pharaoh ant come into view.
Found a hole to the Spider Nest.
The tarantella's many legs skitter faintly.
The pharaoh ant gives a chilling moan.
You hit the pharaoh ant.
The pharaoh ant is lightly damaged.
The pharaoh ant bites you but does no damage.
You impale the tarantella!!
The tarantella is almost dead.
You block the pharaoh ant's attack.
The tarantella touches you but does no damage.
The pharaoh ant bites you but does no damage.
You puncture the tarantella!
You kill the tarantella!
You block the pharaoh ant's attack.
You barely miss the pharaoh ant. The pharaoh ant bites you!
You barely miss the pharaoh ant. The pharaoh ant bites you!
You block the pharaoh ant's attack.
You barely miss the pharaoh ant. The pharaoh ant bites you!!
You block the pharaoh ant's attack.
Aiming: Polymorph
Press: ? - help, Shift-Dir - straight line, f - you
Okay, then.
Unknown command.
As you read the scroll of teleportation, it crumbles to dust.
You feel strangely unstable. The pharaoh ant bites you!
* * * LOW HITPOINT WARNING * * *
The pharaoh ant attacks as you move away!
The pharaoh ant bites you!
* * * LOW HITPOINT WARNING * * *
Okay, then.
Unknown command.
Okay, then.
You don't know any spells.
Unknown command.
The pharaoh ant barely misses you.
The pharaoh ant attacks as you move away!
The pharaoh ant bites you!!
You die...

................##.............
.............#...#.............
................#..............
................###............
...............P###............
.............†.###.............
#..........###...>........
#........B..##............
###......@.####...........
#........## ###......... ##
#........P#####......... .###
##........###.....#####.. ...###
#.†.....#.........# ##. .....##
#.................#######
..>#..####.......#P....^......##.
...#....#.....#####............P.
#####.......### ##...............


You could see a pharaoh ant.

Vanquished Creatures
  Snorg (Lair:3)
  A hydra (Lair:1)
  A catoblepas (Lair:3)
  Nergalle (Lair:2)
  2 lindwurms (Lair:1)
  An ugly thing (IceCv)
  A cyclops (D:10)
  A black mamba (Lair:1)
  2 ice statues (IceCv)
  6 elephants (Lair:1)
  3 cane toads
  3 centaur skeletons (D:9)
  5 ice devils (IceCv)
  3 komodo dragons (Lair:2)
  A rime drake (Lair:3)
  A troll (D:9)
  7 blink frogs
  2 dream sheep (Lair:1)
  2 tarantellas (Lair:3)
  A tyrant leech (Lair:2)
  4 wyverns
  16 yaks
  A wraith (D:10)
  2 steam dragons
  3 wargs (D:8)
  A redback (Lair:3)
  6 water moccasins
  An acid dragon (D:10)
  2 hydra simulacra (IceCv)
  2 swamp worms (Lair:2)
  3 orc warriors
  An ice beast (D:8)
  An ogre (D:6)
  A centaur (D:7)
  A phantom (D:6)
  4 kobold brigands
  Blork the orc (D:5)
  7 bullfrogs
  2 necrophages
  2 two-headed ogre simulacra (IceCv)
  2 gnoll sergeants
  A scorpion (D:7)
  17 wights
  3 elephant simulacra (IceCv)
  17 killer bees
  2 electric eels (Lair:1)
  5 howler monkeys
  2 hounds (D:6)
  5 jellies
  6 orc priests
  2 gnoll boudas
  2 iguanas (D:5)
  An iron imp (D:5)
  Jessica (D:2)
  Ijyb (D:4)
  6 orc wizards
  Natasha (thrice) (D:3)
  2 polar bear simulacra (IceCv)
  A hell rat (Sewer)
  2 troll simulacra (IceCv)
  3 spriggan simulacra (IceCv)
  2 wolf simulacra (IceCv)
  15 gnolls
  9 adders
  5 river rats
  15 white imps
  4 ufetubi
  3 dart slugs
  31 orcs
  11 ball pythons
  3 bats (D:1)
  3 endoplasms
  7 giant cockroaches
  4 goblins
  10 hobgoblins
  8 jackals
  22 kobolds
  8 quokkas
  3 frilled lizards
  14 rats
367 creatures vanquished.

Vanquished Creatures (others)
  79 foxfires
  5 fungi
  12 plants
  7 toadstools (Lair:1)
103 creatures vanquished.

Grand Total: 470 creatures vanquished

Notes
Turn   | Place    | Note
-------+----------+-------------------------------------------
     0 | D:1      | browni3141 the Mummy Cinder Acolyte began the quest for the
                  | Orb.
     0 | D:1      | Reached XP level 1. HP: 18/18 MP: 2/2
   107 | D:1      | Reached skill level 3 in Polearms
   107 | D:1      | Reached XP level 2. HP: 23/24 MP: 4/4
   315 | D:1      | Gained mutation: You are in touch with the powers of death.
                  | [Mummy growth]
   315 | D:1      | Reached XP level 3. HP: 29/29 MP: 5/5
   687 | D:2      | Noticed Jessica
   700 | D:2      | Killed Jessica
   701 | D:2      | Reached skill level 1 in Armour
   701 | D:2      | Reached XP level 4. HP: 35/35 MP: 6/6
   771 | D:2      | Reached skill level 4 in Polearms
  1433 | D:3      | Noticed Natasha
  1444 | D:3      | Killed Natasha
  1445 | D:3      | Reached XP level 5. HP: 33/41 MP: 7/7
  1457 | D:3      | Noticed Natasha
  1464 | D:3      | Killed Natasha
  1556 | D:3      | Noticed Natasha
  1566 | D:3      | Killed Natasha
  1567 | D:3      | Reached skill level 5 in Polearms
  2047 | D:4      | Noticed Ijyb
  2072 | D:4      | Killed Ijyb
  2229 | D:4      | Reached XP level 6. HP: 47/47 MP: 8/8
  2995 | D:4      | Identified a scroll of acquirement
  3208 | D:5      | Entered Level 5 of the Dungeon
  3412 | D:5      | Noticed Grinder
  3416 | D:5      | Acquired a +2 cloak of willpower
  3427 | D:5      | Grinder changed into Grinder the iron imp
  3427 | D:5      | Noticed Grinder
  3437 | D:5      | Killed Grinder the iron imp
  3498 | D:5      | Noticed a water moccasin
  3509 | D:5      | Killed a water moccasin
  3510 | D:5      | Reached XP level 7. HP: 48/52 MP: 9/9
  3543 | D:5      | Reached skill level 6 in Polearms
  3643 | D:5      | Noticed Blork the orc
  3655 | D:5      | Killed Blork the orc
  3679 | D:5      | Reached skill level 1 in Throwing
  3679 | D:5      | Reached skill level 1 in Evocations
  3855 | D:5      | Found Ciodippa's Antique Weapon Shop.
  4458 | D:6      | Found a glowing drain.
  4514 | Sewer    | Entered a sewer
  4740 | D:6      | Reached XP level 8. HP: 58/58 MP: 10/10
  4803 | D:6      | Found a staircase to the Ecumenical Temple.
  5083 | D:6      | Reached skill level 7 in Polearms
  5116 | D:6      | Reached skill level 8 in Polearms
  5437 | D:6      | Got the Elucidation of Cheese
  5642 | D:6      | Reached skill level 1 in Shields
  5937 | D:7      | Found a radiant altar of Vehumet.
  6018 | D:7      | Reached XP level 9. HP: 42/64 MP: 11/11
  7247 | D:8      | Found a stormy altar of Qazlal.
  7962 | D:8      | You are sucked into a shaft and drop 3 floors!
  7978 | D:10     | Entered Level 10 of the Dungeon
  8009 | D:10     | Noticed a cyclops
  8049 | D:10     | Killed a cyclops
  8050 | D:10     | Reached skill level 9 in Polearms
  8050 | D:10     | Reached XP level 10. HP: 11/73 MP: 12/12
  8700 | D:10     | Identified the amulet "Oshrerha" {RegenMP rF+ Stlth+}
  8941 | D:9      | Found a snail-covered altar of Cheibriados.
  8950 | D:9      | Found a runed translucent gate.
  8950 | D:9      | Found a runed translucent gate.
  8956 | D:9      | Found a runed translucent gate.
  8960 | D:9      | Noticed KennySheep's ghost (journeyman FoFi)
  9569 | D:9      | Reached skill level 5 in Shields
  9862 | D:9      | Found a staircase to the Orcish Mines.
  9987 | D:9      | Identified the +5 short sword of the Stopping Eel {heavy,
                  | MP-9 Str-4 Dex+8}
 10631 | D:8      | Found a staircase to the Lair.
 10787 | D:8      | Reached skill level 10 in Polearms
 11854 | Lair:1   | Entered Level 1 of the Lair of Beasts
 12036 | Lair:1   | Noticed an elephant
 12036 | Lair:1   | Noticed an elephant
 12083 | Lair:1   | Killed an elephant
 12084 | Lair:1   | Reached XP level 11. HP: 58/78 MP: 13/13
 12733 | Lair:1   | Reached skill level 11 in Polearms
 12973 | Lair:1   | Noticed an eight-headed hydra
 12980 | Lair:1   | Killed an eight-headed hydra
 13326 | Lair:1   | Noticed a lindwurm
 13326 | Lair:1   | Noticed a lindwurm
 13348 | Lair:1   | Found a runed translucent door.
 13861 | Lair:1   | Killed a lindwurm
 13979 | Lair:1   | Killed a lindwurm
 13980 | Lair:1   | Reached skill level 12 in Polearms
 14104 | Lair:1   | Identified the +3 war axe of Wizosolo {freeze, Will+ Str+2}
 14109 | Lair:1   | Identified the +5 chain mail of the Beloved God {rC+ Str-4
                  | Dex+3}
 14366 | Lair:2   | Noticed Nergalle
 14381 | Lair:2   | Killed Nergalle
 14392 | Lair:2   | Reached XP level 12. HP: 53/84 MP: 14/14
 14549 | Lair:2   | Reached skill level 13 in Polearms
 15117 | Lair:2   | Found a staircase to the Swamp.
 15688 | Lair:3   | Found a frozen archway.
 15693 | Lair:3   | Noticed Snorg
 15716 | Lair:3   | Killed Snorg
 15726 | Lair:3   | Noticed a catoblepas
 15744 | Lair:3   | Killed a catoblepas
 15894 | IceCv    | Entered an ice cave
 15931 | IceCv    | Reached skill level 14 in Polearms
 16971 | IceCv    | Noticed a reaper
 17170 | IceCv    | Found the +8 frozen axe "Frostbite" {freeze, freezing
                  | cloud, *Noise Fly rC+}
 17705 | Lair:3   | Found a hole to the Spider Nest.
 17725 | Lair:3   | Demolished by a pharaoh ant

Illustrated notes

Levels and vault maps discovered:
D:1:      dpeg_arrival_simpleton_a, layout_rooms, st_stairs_13
D:2:      layout_basic, minmay_diced_spiral, uniq_jessica
D:3:      layout_loops_ring, uniq_natasha
D:4:      layout_basic, amethyst_killhole, uniq_ijyb
D:5:      layout_basic, serial_shops, nicolae_square_shop, uniq_grinder,
          uniq_blork_the_orc
D:6:      layout_cave_pools, minmay_temple_entry_overgrown,
          portal_sewer_entry_c, minmay_pentangle
D:7:      layout_basic, mainiacjoe_overflow_cross_hatched,
          roderic_serpentine_path, chequers_serial_rivers_micro_c
D:8:      layout_cave_pools, mainiacjoe_overflow_small_starburst,
          erik_lair_orcish_takeover
D:9:      layout_basic, cheibriados_altar_1, orc_0_dummy,
          gammafunk_ghost_spectres, hellmonk_guarded_unrand_cigotuvi
D:10:     layout_irregular_city, kennysheep_vampire_church, uniq_erolcha
D:11:     layout_basic
Lair:1:   gammafunk_lair_enchanted_lake, layout_gridlike,
          chequers_serial_rivers_micro_e, serial_bayou_pond_e,
          dreamdust_gnoll_shepherd
Lair:2:   layout_cave_pods, minmay_swamp_entry_worms, minmay_holes,
          grunt_megastairs_4, uniq_nergalle
Lair:3:   layout_cave_pods, nicolae_spider_entry_lesser_pyramids,
          portal_ice_cave_entry_imps, kennysheep_rathole, serial_bayou_shore_b,
          uniq_snorg

Skill      XL: |  1  2  3  4  5  6  7  8  9 10 11 12 |
---------------+-------------------------------------+-----
Polearms       | 3 4 5 6 8 9 10 12 14 | 14.0
Armour         | 1 3 |  3.0
Throwing       | 1 2 4 |  4.0
Evocations     | 1 2 4 |  4.0
Shields        | 1 4 6 8 9 |  9.5
Fighting       | 4 |  4.7
Spellcasting   | |  1.3
Fire Magic     | |  2.4

Action                     |  1- 3 |  4- 6 |  7- 9 | 10-12 || total
---------------------------+-------+-------+-------+-------++-------
  Melee: Spear             |   104 |   286 |   203 |       ||   593
         Punch             |       |       |     3 |       ||     3
         Halberd           |       |       |   225 |    21 ||   246
         Trident           |       |       |       |   750 ||   750
   Fire: Arbalest          |       |       |    20 |       ||    20
  Throw: Stone             |     1 |       |       |       ||     1
         Javelin           |       |       |    10 |     3 ||    13
         Throwing net      |       |       |     4 |     2 ||     6
 Invoke: Fiery Armour      |     1 |     3 |     2 |       ||     6
         Foxfire Swarm     |     1 |     1 |     2 |       ||     4
  Evoke: Wand              |       |     3 |    17 |    13 ||    33
    Use: Scroll            |       |     6 |     7 |    11 ||    24
   Stab: Sleeping          |     1 |       |       |       ||     1
         Held in net/web   |       |       |     1 |       ||     1
         Distracted        |       |       |       |     1 ||     1
 Armour: Robe              |     4 |       |       |       ||     4
         Scale mail        |    17 |   107 |   231 |   206 ||   561
         Ring mail         |     5 |       |       |       ||     5
         Chain mail        |       |       |       |   154 ||   154
  Dodge: Dodged            |    38 |    68 |   210 |   204 ||   520
  Block: Kite shield       |       |       |       |   494 ||   494
         Reflection        |       |       |       |    12 ||    12

Table legend: (Time is in decaauts)
 A = Elapsed time spent in this place.
 B = Non-inter-level travel time spent in this place.
 C = Inter-level travel time spent in this place.
 D = Time resting spent in this place.
 E = Time spent auto-exploring this place.
 F = Levels seen in this place.
 G = Mean time per level.
                   A        B        C        D        E       F      G
               +--------+--------+--------+--------+--------+-----+--------+
         Total |  17819 |  17212 |    607 |   2052 |  11163 |  16 | 1113.7 |
       Dungeon |  11820 |  11314 |    506 |   1345 |   7536 |  11 | 1074.5 |
          Lair |   4431 |   4330 |    101 |    302 |   3206 |   3 | 1477.0 |
         Sewer |     72 |     72 |      0 |      0 |     20 |   1 |   72.0 |
      Ice Cave |   1495 |   1495 |      0 |    404 |    401 |   1 | 1495.0 |
               +--------+--------+--------+--------+--------+-----+--------+

Top non-repeatable levels by time:
  Lair:1: 2387 daAuts
     D:9: 1935 daAuts
     D:8: 1798 daAuts
   IceCv: 1495 daAuts
     D:7: 1449 daAuts
  Lair:2: 1440 daAuts
     D:4: 1267 daAuts
     D:5: 1242 daAuts
     D:6: 1193 daAuts
    D:10: 1010 daAuts
     D:3: 695 daAuts
     D:1: 657 daAuts
  Lair:3: 603 daAuts
     D:2: 554 daAuts
   Sewer: 72 daAuts
